[ PARTIDA AOE2 · #475151110 ]
UnrankedLituanos vs Berbers
Equipo del jugador · VICT
[ ANÁLISIS DE REPETICIÓN · EXTRAÍDO DE LA PARTIDA GRABADA ]
Feudal
12:40
Castillos
27:36
Imperial
—
| APM promedio | 20.9 |
| APM pico | 33 |
| eAPM promedio | 11.8 |
| Aldeanos / militares | 108 / 106 |
Foco
⚔️ 25.9% · 🌾 74.1%
Skirmisher ×102 · Militia ×2 · Spearman ×2
Feudal
8:49
Castillos
20:15
Imperial
36:30
| APM promedio | 31.2 |
| APM pico | 68 |
| eAPM promedio | 15.0 |
| Aldeanos / militares | 168 / 319 |
Foco
⚔️ 33.3% · 🌾 66.7%
Camel Scout ×286 · Knight ×25 · Scout Cavalry ×5 · Monk ×2 · Spearman ×1
Feudal
10:04
Castillos
19:29
Imperial
43:18
| APM promedio | 17.7 |
| APM pico | 53 |
| eAPM promedio | 11.2 |
| Aldeanos / militares | 147 / 38 |
Foco
⚔️ 33.3% · 🌾 66.7%
Unknown (1944) ×182 · Unknown (1974) ×118 · Spearman ×38 · Unknown (1968) ×11
Feudal
11:29
Castillos
20:33
Imperial
44:11
| APM promedio | 27.3 |
| APM pico | 81 |
| eAPM promedio | 12.7 |
| Aldeanos / militares | 117 / 91 |
Foco
⚔️ 26.0% · 🌾 74.0%
Knight ×62 · Scout Cavalry ×23 · Spearman ×4 · Trebuchet (Packed) ×2
Feudal
10:31
Castillos
21:29
Imperial
41:29
| APM promedio | 34.0 |
| APM pico | 66 |
| eAPM promedio | 19.6 |
| Aldeanos / militares | 170 / 567 |
Foco
⚔️ 34.9% · 🌾 65.1%
Genitour ×204 · Camel Scout ×186 · Knight ×116 · Scout Cavalry ×60 · Spearman ×1
Feudal
12:12
Castillos
32:35
Imperial
56:55
| APM promedio | 39.8 |
| APM pico | 100 |
| eAPM promedio | 23.2 |
| Aldeanos / militares | 133 / 42 |
Foco
⚔️ 29.1% · 🌾 70.9%
Spearman ×27 · Eagle Scout ×15
Feudal
9:31
Castillos
23:51
Imperial
37:50
| APM promedio | 40.6 |
| APM pico | 69 |
| eAPM promedio | 17.6 |
| Aldeanos / militares | 124 / 412 |
Foco
⚔️ 44.2% · 🌾 55.8%
Archer ×169 · Spearman ×147 · Shotel Warrior ×72 · Skirmisher ×15 · Trebuchet (Packed) ×8 · Monk ×1
Feudal
9:28
Castillos
22:09
Imperial
34:35
| APM promedio | 25.1 |
| APM pico | 68 |
| eAPM promedio | 12.8 |
| Aldeanos / militares | 145 / 427 |
Foco
⚔️ 35.8% · 🌾 64.2%
Spearman ×293 · Hand Cannoneer ×94 · Hussite Wagon ×14 · Trebuchet (Packed) ×12 · Archer ×9 · Bombard Cannon ×3
Mapa de la partida
Recursos iniciales + cada clic de construcción. Líneas = muros · curvas = relieve. ◆ oro · ⬟ piedra · ● bayas · ✦ reliquia · ◌ hueco del cierre
Tu base· Abierta — flanco sin cerrar
Base de Luigi· Abierta — flanco sin cerrar
Base de PaimPozhil· Abierta — flanco sin cerrar
Base de Sarath· Abierta — flanco sin cerrar
Base de Lone Wolf· ✓ Cerrada en 21:29 · 40t muro · 1 puerta(s)
Base de Sid Ironside· ✓ Cerrada en 32:35 · 86t muro · 1 puerta(s)
Base de THEY DONT CARE ABOUT US· Abierta — flanco sin cerrar
Base de mark_aoe_2024· Abierta — flanco sin cerrar
Terreno inicial suavizado · ◌ = hueco del cierre detectado · pasá el cursor para detalles
Inputs por minuto
— Unstoppable Warrior - - Luigi
Build order — Unstoppable Warrior
Primeras 150 de 308 acciones detectadas
| 0:01 | Crear | Villager (Male) |
| 0:01 | Crear | Villager (Male) |
| 0:02 | Construir | House |
| 0:07 | Construir | Barracks |
| 0:08 | Crear | Villager (Male) |
| 0:08 | Crear | Villager (Male) |
| 0:18 | Crear | Villager (Male) |
| 0:18 | Crear | Villager (Male) |
| 1:03 | Crear | Militia |
| 1:04 | Crear | Militia |
| 1:39 | Crear | Villager (Male) |
| 1:52 | Investigar | Loom |
| 2:19 | Crear | Villager (Male) |
| 2:41 | Construir | House |
| 2:44 | Crear | Villager (Male) |
| 2:45 | Crear | Villager (Male) |
| 3:52 | Crear | Villager (Male) |
| 4:19 | Crear | Villager (Male) |
| 4:42 | Crear | Villager (Male) |
| 5:06 | Construir | House |
| 5:09 | Crear | Villager (Male) |
| 5:27 | Crear | Villager (Male) |
| 5:45 | Crear | Villager (Male) |
| 6:46 | Construir | House |
| 7:22 | Crear | Villager (Male) |
| 8:00 | Construir | Mill |
| 9:00 | Construir | Mill |
| 9:03 | Crear | Villager (Male) |
| 9:06 | Construir | Farm |
| 9:23 | Construir | Lumber Camp |
| 9:48 | Crear | Villager (Male) |
| 10:30 | Investigar | Feudal Age |
| 11:35 | Construir | Mining Camp |
| 12:40 | Edad | Edad Feudal |
| 12:41 | Crear | Villager (Male) |
| 12:51 | Construir | Archery Range |
| 13:12 | Construir | Farm |
| 13:13 | Crear | Villager (Male) |
| 13:20 | Construir | House |
| 13:29 | Crear | Villager (Male) |
| 13:56 | Crear | Skirmisher |
| 13:56 | Crear | Skirmisher |
| 14:16 | Crear | Villager (Male) |
| 14:16 | Crear | Villager (Male) |
| 14:46 | Crear | Villager (Male) |
| 14:49 | Construir | House |
| 14:57 | Crear | Skirmisher |
| 16:09 | Crear | Villager (Male) |
| 16:10 | Crear | Villager (Male) |
| 16:16 | Crear | Villager (Male) |
| 17:12 | Construir | House |
| 17:33 | Construir | House |
| 18:38 | Crear | Villager (Male) |
| 19:47 | Construir | Lumber Camp |
| 20:38 | Crear | Villager (Male) |
| 20:56 | Construir | House |
| 21:22 | Construir | Farm |
| 21:22 | Construir | Farm |
| 21:22 | Construir | Farm |
| 21:22 | Construir | Farm |
| 21:41 | Construir | Farm |
| 22:08 | Crear | Villager (Male) |
| 22:33 | Crear | Villager (Male) |
| 22:34 | Crear | Villager (Male) |
| 22:41 | Crear | Villager (Male) |
| 22:44 | Construir | Farm |
| 23:00 | Crear | Villager (Male) |
| 23:49 | Construir | Market |
| 23:56 | Construir | House |
| 24:16 | Construir | Farm |
| 24:33 | Investigar | Double-Bit Axe |
| 24:53 | Crear | Villager (Male) |
| 24:56 | Investigar | Castle Age |
| 25:37 | Construir | House |
| 26:33 | Crear | Villager (Male) |
| 26:34 | Crear | Villager (Male) |
| 26:34 | Crear | Villager (Male) |
| 26:34 | Crear | Villager (Male) |
| 26:35 | Crear | Villager (Male) |
| 27:06 | Construir | Farm |
| 27:06 | Construir | Farm |
| 27:06 | Construir | Farm |
| 27:07 | Construir | Farm |
| 27:21 | Crear | Villager (Male) |
| 27:36 | Edad | Edad de los Castillos |
| 27:39 | Crear | Villager (Male) |
| 27:54 | Construir | Town Center |
| 28:02 | Construir | Town Center |
| 28:04 | Crear | Villager (Male) |
| 28:41 | Construir | Farm |
| 28:44 | Crear | Villager (Male) |
| 29:02 | Crear | Villager (Male) |
| 29:02 | Crear | Villager (Male) |
| 29:09 | Crear | Villager (Male) |
| 29:09 | Crear | Villager (Male) |
| 29:22 | Crear | Villager (Male) |
| 29:28 | Construir | Farm |
| 29:29 | Crear | Villager (Male) |
| 29:40 | Construir | Farm |
| 29:41 | Crear | Villager (Male) |
| 29:44 | Crear | Villager (Male) |
| 29:45 | Crear | Villager (Male) |
| 30:04 | Crear | Villager (Male) |
| 30:05 | Crear | Villager (Male) |
| 30:16 | Construir | Farm |
| 30:17 | Crear | Villager (Male) |
| 30:19 | Crear | Villager (Male) |
| 30:20 | Crear | Villager (Male) |
| 30:23 | Construir | Farm |
| 30:23 | Construir | Farm |
| 30:31 | Crear | Villager (Male) |
| 30:31 | Crear | Villager (Male) |
| 30:35 | Crear | Villager (Male) |
| 30:37 | Construir | Farm |
| 30:55 | Construir | House |
| 30:59 | Construir | House |
| 31:06 | Crear | Villager (Male) |
| 31:08 | Crear | Villager (Male) |
| 31:23 | Construir | House |
| 31:27 | Construir | Farm |
| 31:29 | Crear | Villager (Male) |
| 31:29 | Crear | Villager (Male) |
| 31:32 | Crear | Villager (Male) |
| 31:50 | Construir | Town Center |
| 31:58 | Crear | Villager (Male) |
| 32:00 | Crear | Spearman |
| 32:01 | Crear | Spearman |
| 32:10 | Construir | Farm |
| 32:11 | Crear | Villager (Male) |
| 32:12 | Crear | Villager (Male) |
| 32:40 | Crear | Villager (Male) |
| 32:41 | Crear | Villager (Male) |
| 32:47 | Construir | Farm |
| 32:47 | Construir | Farm |
| 32:52 | Crear | Villager (Male) |
| 33:34 | Construir | Farm |
| 33:41 | Construir | Farm |
| 33:58 | Crear | Villager (Male) |
| 33:58 | Crear | Villager (Male) |
| 34:13 | Crear | Villager (Male) |
| 34:13 | Crear | Villager (Male) |
| 34:16 | Investigar | Bow Saw |
| 34:56 | Construir | Farm |
| 35:02 | Crear | Villager (Male) |
| 35:46 | Construir | House |
| 35:53 | Construir | House |
| 35:57 | Crear | Villager (Male) |
| 36:28 | Construir | Farm |
| 36:32 | Crear | Villager (Male) |
| 36:33 | Crear | Villager (Male) |
Build order — Luigi
Primeras 150 de 404 acciones detectadas
| 0:01 | Crear | Villager (Male) |
| 0:01 | Crear | Villager (Male) |
| 0:03 | Construir | House |
| 0:05 | Construir | House |
| 0:17 | Crear | Villager (Male) |
| 0:18 | Crear | Villager (Male) |
| 0:24 | Crear | Villager (Male) |
| 1:33 | Crear | Villager (Male) |
| 1:46 | Construir | Lumber Camp |
| 2:05 | Crear | Villager (Male) |
| 2:15 | Crear | Villager (Male) |
| 2:15 | Crear | Villager (Male) |
| 2:45 | Crear | Villager (Male) |
| 2:46 | Crear | Villager (Male) |
| 3:08 | Crear | Villager (Male) |
| 3:08 | Crear | Villager (Male) |
| 3:46 | Construir | House |
| 3:59 | Crear | Villager (Male) |
| 3:59 | Crear | Villager (Male) |
| 3:59 | Crear | Villager (Male) |
| 4:14 | Construir | Mill |
| 4:35 | Crear | Villager (Male) |
| 4:36 | Crear | Villager (Male) |
| 4:48 | Crear | Villager (Male) |
| 5:38 | Construir | Mill |
| 6:15 | Investigar | Loom |
| 6:38 | Investigar | Feudal Age |
| 6:48 | Construir | House |
| 7:23 | Crear | Villager (Male) |
| 8:08 | Construir | Barracks |
| 8:45 | Crear | Villager (Male) |
| 8:49 | Edad | Edad Feudal |
| 9:09 | Investigar | Double-Bit Axe |
| 9:32 | Construir | Stable |
| 9:37 | Crear | Villager (Male) |
| 9:51 | Crear | Villager (Male) |
| 10:08 | Construir | Farm |
| 10:12 | Construir | House |
| 10:14 | Crear | Villager (Male) |
| 10:40 | Crear | Villager (Male) |
| 10:42 | Construir | Farm |
| 10:42 | Construir | Farm |
| 10:58 | Crear | Scout Cavalry |
| 10:58 | Crear | Scout Cavalry |
| 11:00 | Construir | House |
| 11:01 | Crear | Scout Cavalry |
| 11:04 | Crear | Villager (Male) |
| 11:04 | Crear | Villager (Male) |
| 11:16 | Construir | Farm |
| 11:22 | Construir | Farm |
| 11:30 | Construir | Farm |
| 11:37 | Crear | Villager (Male) |
| 11:46 | Construir | House |
| 12:03 | Crear | Villager (Male) |
| 12:06 | Construir | Farm |
| 12:08 | Construir | Farm |
| 12:09 | Crear | Villager (Male) |
| 12:14 | Construir | Farm |
| 12:18 | Construir | Farm |
| 12:27 | Crear | Villager (Male) |
| 12:31 | Investigar | Horse Collar |
| 12:51 | Crear | Scout Cavalry |
| 13:02 | Crear | Villager (Male) |
| 13:16 | Crear | Villager (Male) |
| 13:24 | Crear | Villager (Male) |
| 13:31 | Crear | Scout Cavalry |
| 13:35 | Construir | Farm |
| 13:40 | Construir | Farm |
| 13:43 | Construir | Farm |
| 13:47 | Construir | Farm |
| 14:30 | Crear | Villager (Male) |
| 14:34 | Construir | Mining Camp |
| 14:42 | Construir | Blacksmith |
| 14:48 | Crear | Villager (Male) |
| 15:23 | Investigar | Wheelbarrow |
| 16:01 | Crear | Villager (Male) |
| 16:46 | Crear | Villager (Male) |
| 16:48 | Construir | House |
| 17:27 | Crear | Villager (Male) |
| 17:35 | Investigar | Castle Age |
| 18:13 | Construir | Farm |
| 18:14 | Construir | Farm |
| 18:14 | Construir | Farm |
| 18:15 | Construir | Farm |
| 18:15 | Construir | Farm |
| 18:16 | Construir | Farm |
| 18:23 | Investigar | Gold Mining |
| 18:58 | Crear | Spearman |
| 19:23 | Investigar | Scale Barding Armor |
| 19:25 | Investigar | Bloodlines |
| 19:26 | Investigar | Forging |
| 19:36 | Construir | Stable |
| 19:40 | Crear | Villager (Male) |
| 19:57 | Construir | Stable |
| 20:00 | Crear | Villager (Male) |
| 20:15 | Edad | Edad de los Castillos |
| 20:34 | Crear | Knight ×3 |
| 20:41 | Crear | Villager (Male) |
| 20:51 | Construir | Town Center |
| 20:55 | Investigar | Bow Saw |
| 21:00 | Construir | Farm |
| 21:00 | Construir | Farm |
| 21:00 | Construir | Farm |
| 21:01 | Crear | Villager (Male) |
| 21:08 | Crear | Knight |
| 21:08 | Crear | Knight |
| 21:21 | Investigar | Heavy Plow |
| 21:23 | Crear | Villager (Male) |
| 21:28 | Crear | Knight |
| 21:28 | Crear | Knight |
| 21:38 | Investigar | Hand Cart |
| 21:42 | Construir | House |
| 21:44 | Construir | House |
| 21:51 | Construir | House |
| 22:00 | Crear | Knight |
| 22:07 | Crear | Villager (Male) |
| 22:08 | Crear | Villager (Male) |
| 22:14 | Crear | Knight |
| 22:23 | Construir | House |
| 22:25 | Crear | Villager (Male) |
| 22:26 | Crear | Villager (Male) |
| 22:33 | Crear | Knight |
| 23:03 | Crear | Villager (Male) |
| 23:05 | Construir | Farm |
| 23:10 | Construir | Farm |
| 23:10 | Crear | Villager (Male) |
| 23:11 | Crear | Villager (Male) |
| 23:13 | Crear | Knight |
| 23:13 | Crear | Knight |
| 23:14 | Crear | Knight |
| 23:47 | Crear | Villager (Male) |
| 23:47 | Crear | Villager (Male) |
| 24:06 | Crear | Villager (Male) |
| 24:06 | Crear | Villager (Male) |
| 24:07 | Crear | Villager (Male) |
| 24:20 | Crear | Villager (Male) |
| 24:21 | Crear | Villager (Male) |
| 24:31 | Crear | Villager (Male) |
| 24:31 | Crear | Villager (Male) |
| 24:34 | Crear | Knight ×2 |
| 24:35 | Crear | Knight ×2 |
| 24:35 | Crear | Knight |
| 24:39 | Construir | Farm |
| 24:52 | Crear | Villager (Male) |
| 24:58 | Crear | Villager (Male) |
| 24:59 | Crear | Villager (Male) |
| 25:08 | Crear | Knight ×2 |
| 25:21 | Construir | Town Center |
| 25:24 | Construir | House |
| 25:25 | Construir | House |
Build order — PaimPozhil
Primeras 150 de 396 acciones detectadas
| 0:01 | Crear | Villager (Male) |
| 0:03 | Construir | House |
| 0:04 | Construir | House |
| 0:11 | Crear | Villager (Male) |
| 0:11 | Crear | Villager (Male) |
| 0:12 | Crear | Villager (Male) |
| 0:12 | Crear | Villager (Male) |
| 0:12 | Crear | Villager (Male) |
| 1:31 | Crear | Villager (Male) |
| 1:31 | Crear | Villager (Male) |
| 1:48 | Construir | Lumber Camp |
| 2:00 | Crear | Villager (Male) |
| 2:28 | Crear | Villager (Male) |
| 2:28 | Crear | Villager (Male) |
| 2:55 | Crear | Villager (Male) |
| 2:55 | Crear | Villager (Male) |
| 3:17 | Crear | Villager (Male) |
| 3:18 | Crear | Villager (Male) |
| 3:18 | Crear | Villager (Male) |
| 3:21 | Construir | House |
| 3:38 | Crear | Villager (Male) |
| 3:38 | Crear | Villager (Male) |
| 3:56 | Crear | Villager (Male) |
| 3:57 | Crear | Villager (Male) |
| 3:57 | Crear | Villager (Male) |
| 4:28 | Crear | Villager (Male) |
| 4:28 | Crear | Villager (Male) |
| 5:26 | Crear | Villager (Male) |
| 5:26 | Crear | Villager (Male) |
| 5:26 | Crear | Villager (Male) |
| 5:27 | Crear | Villager (Male) |
| 5:38 | Crear | Villager (Male) |
| 5:38 | Crear | Villager (Male) |
| 5:51 | Construir | House |
| 6:15 | Crear | Villager (Male) |
| 6:16 | Crear | Villager (Male) |
| 6:16 | Crear | Villager (Male) |
| 6:33 | Construir | Mill |
| 6:46 | Investigar | Loom |
| 7:29 | Investigar | Loom |
| 7:54 | Investigar | Feudal Age |
| 8:06 | Construir | Mill |
| 9:47 | Construir | Barracks |
| 9:52 | Crear | Villager (Male) |
| 10:04 | Edad | Edad Feudal |
| 10:07 | Crear | Villager (Male) |
| 10:14 | Crear | Villager (Male) |
| 10:26 | Investigar | Double-Bit Axe |
| 11:07 | Crear | Villager (Male) |
| 11:18 | Construir | Market |
| 11:22 | Crear | Villager (Male) |
| 11:32 | Construir | Blacksmith |
| 11:36 | Crear | Villager (Male) |
| 11:40 | Construir | Farm |
| 11:44 | Construir | Farm |
| 11:53 | Construir | Mining Camp |
| 11:54 | Crear | Villager (Male) |
| 12:02 | Construir | House |
| 12:07 | Crear | Villager (Male) |
| 12:13 | Investigar | Town Watch |
| 12:15 | Crear | Villager (Male) |
| 12:25 | Construir | House |
| 12:28 | Crear | Villager (Male) |
| 12:42 | Crear | Villager (Male) |
| 12:47 | Construir | House |
| 13:05 | Construir | Farm |
| 13:10 | Crear | Villager (Male) |
| 13:13 | Investigar | Gold Mining |
| 13:17 | Investigar | Horse Collar |
| 13:31 | Construir | House |
| 13:42 | Crear | Villager (Male) |
| 13:46 | Construir | Farm |
| 14:07 | Construir | Mining Camp |
| 14:09 | Crear | Villager (Male) |
| 14:24 | Construir | Farm |
| 14:25 | Crear | Villager (Male) |
| 14:32 | Construir | House |
| 14:33 | Construir | House |
| 14:35 | Crear | Villager (Male) |
| 14:50 | Construir | Farm |
| 14:52 | Crear | Villager (Male) |
| 15:16 | Crear | Villager (Male) |
| 15:21 | Construir | Farm |
| 15:25 | Construir | Farm |
| 15:35 | Construir | Farm |
| 15:51 | Construir | Farm |
| 16:49 | Investigar | Castle Age |
| 16:52 | Crear | Villager (Male) |
| 17:26 | Crear | Spearman |
| 17:26 | Crear | Spearman |
| 17:47 | Construir | Barracks |
| 18:10 | Crear | Spearman |
| 18:45 | Construir | Farm |
| 18:46 | Construir | Farm |
| 18:46 | Construir | Farm |
| 18:46 | Construir | Farm |
| 18:54 | Crear | Spearman ×3 |
| 19:29 | Edad | Edad de los Castillos |
| 19:34 | Crear | Unit 1974 ×5 |
| 19:40 | Crear | Villager (Male) |
| 19:45 | Crear | Unit 1974 |
| 20:19 | Crear | Unit 1974 |
| 20:35 | Investigar | Squires |
| 21:23 | Crear | Unit 1974 ×2 |
| 22:00 | Construir | Town Center |
| 22:02 | Investigar | Gold Shaft Mining |
| 22:33 | Construir | Castle |
| 22:58 | Crear | Unit 1974 |
| 23:02 | Construir | Farm |
| 23:04 | Crear | Villager (Male) ×5 |
| 23:06 | Investigar | Wheelbarrow |
| 23:36 | Crear | Spearman ×5 |
| 23:53 | Crear | Villager (Male) ×5 |
| 24:01 | Crear | Villager (Male) ×2 |
| 24:57 | Crear | Villager (Male) ×5 |
| 25:03 | Construir | Farm |
| 25:04 | Construir | Farm |
| 25:07 | Construir | Farm |
| 27:23 | Crear | Villager (Male) ×5 |
| 27:29 | Construir | Mining Camp |
| 27:40 | Crear | Villager (Male) ×5 |
| 27:50 | Construir | Farm |
| 27:50 | Construir | Farm |
| 27:51 | Construir | Farm |
| 27:51 | Construir | Farm |
| 27:51 | Construir | Farm |
| 27:52 | Construir | Farm |
| 27:54 | Construir | Farm |
| 27:54 | Construir | Farm |
| 28:35 | Investigar | Pikeman (upgrade) |
| 28:45 | Construir | Lumber Camp |
| 28:59 | Crear | Spearman ×2 |
| 29:04 | Crear | Villager (Male) ×5 |
| 29:28 | Crear | Villager (Male) ×5 |
| 29:35 | Investigar | Bow Saw |
| 29:40 | Crear | Spearman ×2 |
| 30:19 | Construir | Barracks |
| 30:36 | Construir | Lumber Camp |
| 30:52 | Crear | Unit 1974 ×5 |
| 30:53 | Crear | Spearman |
| 30:56 | Construir | House |
| 30:58 | Construir | House |
| 31:01 | Construir | House |
| 31:02 | Construir | House |
| 31:02 | Construir | House |
| 31:04 | Construir | House |
| 31:22 | Construir | Castle |
| 31:27 | Crear | Villager (Male) ×5 |
| 31:37 | Construir | Farm |
| 31:39 | Construir | Farm |
Build order — Sarath
Primeras 150 de 341 acciones detectadas
| 0:02 | Crear | Villager (Male) |
| 0:03 | Construir | House |
| 0:05 | Construir | House |
| 0:06 | Crear | Villager (Male) |
| 0:18 | Crear | Villager (Male) |
| 0:19 | Crear | Villager (Male) |
| 1:25 | Crear | Villager (Male) |
| 1:46 | Construir | Lumber Camp |
| 2:03 | Crear | Villager (Male) |
| 2:23 | Crear | Villager (Male) |
| 3:00 | Crear | Villager (Male) |
| 3:22 | Crear | Villager (Male) |
| 3:51 | Crear | Villager (Male) |
| 3:56 | Construir | House |
| 3:59 | Construir | House |
| 4:11 | Crear | Villager (Male) |
| 4:23 | Construir | Mill |
| 4:48 | Crear | Villager (Male) |
| 4:55 | Construir | House |
| 5:20 | Crear | Villager (Male) |
| 5:20 | Crear | Villager (Male) |
| 6:20 | Crear | Villager (Male) |
| 6:20 | Crear | Villager (Male) |
| 6:21 | Crear | Villager (Male) |
| 6:21 | Crear | Villager (Male) |
| 6:55 | Construir | Mill |
| 7:01 | Crear | Villager (Male) |
| 7:54 | Crear | Villager (Male) |
| 8:40 | Crear | Villager (Male) |
| 8:46 | Crear | Villager (Male) |
| 8:58 | Investigar | Loom |
| 9:19 | Investigar | Feudal Age |
| 9:43 | Construir | Barracks |
| 9:51 | Investigar | Loom |
| 10:07 | Investigar | Horse Collar |
| 10:22 | Construir | House |
| 10:23 | Construir | House |
| 10:27 | Construir | House |
| 10:35 | Construir | Farm |
| 10:41 | Crear | Villager (Male) |
| 11:07 | Construir | House |
| 11:29 | Edad | Edad Feudal |
| 11:38 | Construir | Stable |
| 12:00 | Crear | Spearman |
| 12:19 | Construir | Farm |
| 12:25 | Crear | Villager (Male) |
| 12:29 | Crear | Spearman |
| 12:50 | Construir | Farm |
| 13:02 | Construir | Farm |
| 13:06 | Crear | Scout Cavalry |
| 13:07 | Crear | Scout Cavalry |
| 13:16 | Construir | Farm |
| 13:19 | Construir | Farm |
| 13:23 | Construir | Farm |
| 13:25 | Crear | Villager (Male) |
| 13:28 | Investigar | Town Watch |
| 13:56 | Crear | Villager (Male) |
| 14:04 | Crear | Scout Cavalry |
| 14:30 | Construir | Blacksmith |
| 14:44 | Crear | Spearman |
| 14:44 | Crear | Spearman |
| 15:04 | Investigar | Forging |
| 15:24 | Construir | Farm |
| 15:29 | Construir | Farm |
| 15:39 | Construir | Mining Camp |
| 16:00 | Crear | Villager (Male) |
| 16:00 | Crear | Villager (Male) |
| 17:05 | Construir | Farm |
| 17:11 | Crear | Villager (Male) |
| 17:53 | Investigar | Castle Age |
| 18:19 | Investigar | Gold Mining |
| 18:35 | Construir | Stable |
| 19:23 | Construir | Market |
| 19:53 | Construir | Stable |
| 20:21 | Investigar | Scale Barding Armor |
| 20:33 | Edad | Edad de los Castillos |
| 20:39 | Investigar | Cavalier (upgrade) |
| 20:40 | Crear | Knight |
| 20:46 | Crear | Knight |
| 20:46 | Crear | Knight |
| 20:53 | Construir | Town Center |
| 21:02 | Investigar | Husbandry |
| 21:04 | Crear | Knight |
| 21:39 | Investigar | Double-Bit Axe |
| 21:55 | Crear | Knight |
| 22:13 | Crear | Knight |
| 22:16 | Crear | Villager (Male) |
| 22:20 | Construir | Farm |
| 22:22 | Construir | Farm |
| 22:25 | Construir | Farm |
| 22:28 | Construir | Farm |
| 22:31 | Crear | Villager (Male) |
| 22:51 | Crear | Villager (Male) |
| 22:54 | Construir | Farm |
| 22:57 | Construir | Farm |
| 22:59 | Construir | Farm |
| 23:03 | Construir | Farm |
| 23:04 | Crear | Villager (Male) |
| 23:44 | Crear | Knight |
| 23:44 | Crear | Knight |
| 23:45 | Crear | Knight |
| 24:04 | Crear | Villager (Male) |
| 24:07 | Crear | Villager (Male) |
| 24:09 | Construir | Farm |
| 24:13 | Crear | Villager (Male) |
| 24:37 | Crear | Villager (Male) |
| 24:37 | Crear | Villager (Male) |
| 24:50 | Construir | Farm |
| 24:52 | Construir | Farm |
| 24:54 | Crear | Villager (Male) |
| 25:12 | Investigar | Chain Barding Armor |
| 25:25 | Crear | Knight |
| 25:47 | Crear | Knight |
| 26:01 | Crear | Knight |
| 26:33 | Crear | Knight |
| 27:05 | Crear | Knight |
| 27:13 | Construir | Town Center |
| 27:17 | Crear | Villager (Male) |
| 27:18 | Crear | Villager (Male) |
| 27:18 | Crear | Villager (Male) |
| 27:21 | Construir | House |
| 27:22 | Construir | House |
| 27:22 | Construir | House |
| 27:23 | Construir | House |
| 27:23 | Construir | House |
| 27:33 | Investigar | Iron Casting |
| 28:18 | Crear | Knight |
| 28:39 | Crear | Knight |
| 28:44 | Crear | Villager (Male) |
| 28:44 | Crear | Villager (Male) |
| 28:45 | Crear | Villager (Male) |
| 28:45 | Crear | Villager (Male) |
| 28:50 | Construir | Farm |
| 29:06 | Crear | Knight |
| 29:20 | Crear | Knight |
| 29:33 | Crear | Villager (Male) |
| 29:33 | Crear | Villager (Male) |
| 29:35 | Crear | Villager (Male) |
| 29:40 | Investigar | Gold Shaft Mining |
| 30:03 | Crear | Knight |
| 30:32 | Crear | Knight |
| 30:37 | Crear | Knight |
| 30:37 | Crear | Knight |
| 30:37 | Crear | Knight |
| 30:37 | Crear | Knight |
| 30:55 | Crear | Villager (Male) |
| 31:04 | Crear | Knight |
| 31:17 | Crear | Villager (Male) |
| 31:17 | Crear | Villager (Male) |
| 31:17 | Crear | Villager (Male) |
Build order — Lone Wolf
Primeras 150 de 613 acciones detectadas
| 0:02 | Crear | Villager (Male) ×4 |
| 0:03 | Construir | House |
| 0:05 | Construir | House |
| 1:41 | Crear | Villager (Male) |
| 1:41 | Crear | Villager (Male) |
| 1:47 | Construir | Lumber Camp |
| 2:12 | Crear | Villager (Male) |
| 2:12 | Crear | Villager (Male) |
| 2:21 | Crear | Villager (Male) |
| 2:21 | Crear | Villager (Male) |
| 2:56 | Crear | Villager (Male) |
| 2:56 | Crear | Villager (Male) |
| 3:05 | Crear | Villager (Male) |
| 3:06 | Crear | Villager (Male) |
| 3:06 | Crear | Villager (Male) |
| 3:33 | Construir | House |
| 3:42 | Construir | House |
| 3:45 | Crear | Villager (Male) |
| 3:45 | Crear | Villager (Male) |
| 3:45 | Crear | Villager (Male) |
| 4:04 | Construir | Mill |
| 4:10 | Crear | Villager (Male) |
| 4:11 | Crear | Villager (Male) |
| 4:46 | Crear | Villager (Male) |
| 4:46 | Crear | Villager (Male) |
| 4:47 | Crear | Villager (Male) |
| 5:08 | Crear | Villager (Male) |
| 5:27 | Crear | Villager (Male) |
| 5:48 | Construir | House |
| 6:04 | Crear | Villager (Male) |
| 6:37 | Crear | Villager (Male) |
| 6:39 | Construir | House |
| 6:59 | Crear | Villager (Male) |
| 7:05 | Crear | Villager (Male) |
| 7:05 | Investigar | Loom |
| 8:21 | Investigar | Feudal Age |
| 8:27 | Construir | Lumber Camp |
| 8:45 | Construir | House |
| 9:04 | Construir | Mill |
| 9:42 | Construir | Barracks |
| 9:46 | Crear | Villager (Male) |
| 10:31 | Edad | Edad Feudal |
| 10:37 | Construir | Stable |
| 10:47 | Construir | Palisade Gate |
| 10:57 | Crear | Spearman |
| 11:01 | Crear | Villager (Male) |
| 11:09 | Investigar | Double-Bit Axe |
| 11:21 | Crear | Villager (Male) |
| 11:50 | Crear | Villager (Male) |
| 12:16 | Crear | Villager (Male) |
| 12:17 | Crear | Villager (Male) |
| 12:17 | Crear | Villager (Male) |
| 12:20 | Construir | Farm |
| 12:21 | Construir | Farm |
| 12:21 | Construir | Farm |
| 12:21 | Construir | Farm |
| 12:21 | Construir | Farm |
| 12:33 | Construir | Farm |
| 12:36 | Construir | Farm |
| 12:39 | Construir | Farm |
| 12:42 | Construir | Farm |
| 12:45 | Crear | Villager (Male) |
| 12:46 | Crear | Villager (Male) |
| 12:48 | Construir | Farm |
| 13:00 | Construir | Palisade Wall |
| 13:02 | Construir | Palisade Wall |
| 13:05 | Crear | Villager (Male) |
| 13:13 | Crear | Villager (Male) |
| 13:16 | Construir | House |
| 13:17 | Construir | House |
| 13:24 | Investigar | Town Watch |
| 13:26 | Crear | Villager (Male) |
| 13:42 | Crear | Scout Cavalry |
| 13:43 | Crear | Scout Cavalry |
| 13:55 | Construir | Palisade Wall |
| 14:03 | Crear | Villager (Male) |
| 14:06 | Construir | Farm |
| 14:11 | Construir | Farm |
| 14:13 | Crear | Scout Cavalry |
| 14:13 | Crear | Scout Cavalry |
| 14:23 | Crear | Villager (Male) |
| 14:23 | Crear | Villager (Male) |
| 14:33 | Construir | Farm |
| 14:40 | Construir | Palisade Wall |
| 14:42 | Crear | Villager (Male) |
| 14:48 | Crear | Villager (Male) |
| 14:59 | Crear | Scout Cavalry ×3 |
| 15:00 | Crear | Scout Cavalry ×3 |
| 15:11 | Crear | Villager (Male) |
| 15:26 | Construir | Palisade Wall |
| 15:30 | Construir | Palisade Wall |
| 15:47 | Crear | Villager (Male) |
| 16:07 | Construir | House |
| 16:09 | Construir | House |
| 16:14 | Construir | Blacksmith |
| 16:18 | Crear | Villager (Male) |
| 16:22 | Construir | Farm |
| 16:39 | Crear | Villager (Male) |
| 16:39 | Crear | Villager (Male) |
| 17:08 | Crear | Villager (Male) |
| 17:23 | Construir | Mining Camp |
| 17:31 | Construir | Market |
| 17:34 | Construir | House |
| 17:37 | Crear | Villager (Male) |
| 18:24 | Crear | Villager (Male) |
| 18:24 | Crear | Villager (Male) |
| 18:24 | Crear | Villager (Male) |
| 18:49 | Investigar | Castle Age |
| 19:30 | Crear | Villager (Male) |
| 19:41 | Crear | Villager (Male) |
| 19:58 | Construir | Stable |
| 19:59 | Construir | Stable |
| 20:13 | Investigar | Scale Barding Armor |
| 20:14 | Investigar | Forging |
| 20:20 | Investigar | Bloodlines |
| 20:30 | Construir | Farm |
| 20:34 | Construir | Farm |
| 20:49 | Construir | Lumber Camp |
| 21:12 | Investigar | Horse Collar |
| 21:29 | Edad | Edad de los Castillos |
| 21:35 | Investigar | Husbandry |
| 21:37 | Crear | Camel Scout ×5 |
| 22:02 | Crear | Villager (Male) |
| 22:05 | Construir | Farm |
| 22:20 | Crear | Knight ×2 |
| 22:20 | Crear | Knight ×2 |
| 22:20 | Crear | Knight ×2 |
| 22:33 | Construir | Farm |
| 22:38 | Crear | Villager (Male) |
| 22:38 | Crear | Villager (Male) |
| 23:10 | Investigar | Bow Saw |
| 23:10 | Investigar | Bow Saw |
| 23:39 | Crear | Knight ×2 |
| 23:39 | Crear | Knight ×2 |
| 23:40 | Crear | Knight ×2 |
| 23:47 | Construir | House |
| 23:48 | Construir | House |
| 23:49 | Construir | House |
| 23:52 | Crear | Villager (Male) |
| 24:06 | Investigar | Wheelbarrow |
| 24:10 | Crear | Villager (Male) |
| 24:16 | Construir | Town Center |
| 24:26 | Construir | Town Center |
| 24:29 | Crear | Knight ×2 |
| 24:29 | Crear | Knight ×2 |
| 24:43 | Crear | Villager (Male) |
| 24:44 | Crear | Villager (Male) |
| 24:50 | Crear | Villager (Male) |
| 25:03 | Crear | Villager (Male) |
| 25:14 | Construir | Town Center |
Build order — Sid Ironside
Primeras 150 de 337 acciones detectadas
| 0:02 | Investigar | Loom |
| 0:10 | Crear | Villager (Male) |
| 0:15 | Crear | Villager (Male) |
| 0:15 | Crear | Villager (Male) |
| 0:39 | Construir | House |
| 1:11 | Construir | House |
| 1:48 | Crear | Villager (Male) |
| 2:22 | Construir | Lumber Camp |
| 2:34 | Crear | Villager (Male) |
| 3:00 | Crear | Villager (Male) |
| 3:22 | Crear | Villager (Male) |
| 3:43 | Crear | Villager (Male) |
| 4:03 | Construir | House |
| 4:07 | Construir | House |
| 4:11 | Construir | Palisade Wall |
| 4:19 | Crear | Villager (Male) |
| 4:46 | Crear | Villager (Male) |
| 5:17 | Crear | Villager (Male) |
| 5:33 | Construir | Palisade Wall |
| 5:36 | Construir | Palisade Wall |
| 5:45 | Crear | Villager (Male) |
| 6:19 | Crear | Villager (Male) |
| 6:58 | Crear | Villager (Male) |
| 6:58 | Crear | Villager (Male) |
| 6:58 | Crear | Villager (Male) |
| 7:01 | Construir | Mill |
| 7:07 | Crear | Villager (Male) |
| 8:28 | Crear | Villager (Male) |
| 9:08 | Crear | Villager (Male) |
| 9:19 | Crear | Villager (Male) |
| 9:33 | Construir | Palisade Wall |
| 9:35 | Construir | Palisade Wall |
| 9:37 | Construir | Palisade Wall |
| 9:37 | Crear | Villager (Male) |
| 9:55 | Construir | Palisade Wall |
| 9:56 | Construir | Palisade Wall |
| 10:02 | Investigar | Feudal Age |
| 10:08 | Construir | Mining Camp |
| 10:14 | Construir | Mining Camp |
| 11:26 | Crear | Villager (Male) |
| 11:40 | Construir | Barracks |
| 12:12 | Edad | Edad Feudal |
| 12:39 | Crear | Villager (Male) |
| 12:42 | Crear | Villager (Male) |
| 12:54 | Crear | Villager (Male) |
| 13:00 | Crear | Villager (Male) |
| 13:08 | Construir | Barracks |
| 13:28 | Crear | Spearman |
| 13:38 | Construir | House |
| 13:39 | Construir | House |
| 13:40 | Crear | Villager (Male) |
| 13:47 | Construir | Lumber Camp |
| 14:00 | Crear | Eagle Scout |
| 14:13 | Crear | Villager (Male) |
| 14:13 | Crear | Villager (Male) |
| 14:16 | Crear | Eagle Scout |
| 14:27 | Construir | Watch Tower |
| 14:48 | Crear | Eagle Scout |
| 14:48 | Crear | Eagle Scout |
| 16:30 | Crear | Villager (Male) |
| 17:05 | Construir | Mining Camp |
| 17:06 | Crear | Villager (Male) |
| 17:06 | Crear | Villager (Male) |
| 17:33 | Crear | Eagle Scout |
| 17:48 | Construir | House |
| 18:05 | Construir | Palisade Wall |
| 18:07 | Crear | Villager (Male) |
| 18:14 | Construir | House |
| 18:51 | Construir | Mining Camp |
| 18:54 | Crear | Villager (Male) |
| 19:01 | Crear | Villager (Male) |
| 19:30 | Construir | Watch Tower |
| 19:34 | Crear | Villager (Male) |
| 19:34 | Crear | Villager (Male) |
| 20:18 | Crear | Villager (Male) |
| 20:24 | Construir | Farm |
| 20:25 | Construir | Farm |
| 20:27 | Construir | Farm |
| 20:44 | Crear | Villager (Male) |
| 20:58 | Construir | Farm |
| 20:59 | Construir | Farm |
| 22:01 | Construir | Farm |
| 22:01 | Construir | Farm |
| 22:09 | Construir | Farm |
| 22:10 | Construir | Farm |
| 22:12 | Crear | Villager (Male) |
| 22:53 | Crear | Villager (Male) |
| 23:42 | Crear | Villager (Male) |
| 24:04 | Crear | Villager (Male) |
| 24:20 | Crear | Villager (Male) |
| 24:31 | Construir | Blacksmith |
| 24:49 | Construir | House |
| 24:54 | Crear | Villager (Male) |
| 25:13 | Crear | Villager (Male) |
| 25:26 | Construir | House |
| 25:27 | Construir | House |
| 25:29 | Construir | House |
| 25:41 | Construir | House |
| 25:42 | Crear | Villager (Male) |
| 25:44 | Crear | Villager (Male) |
| 26:03 | Construir | Market |
| 26:08 | Crear | Villager (Male) |
| 26:09 | Crear | Villager (Male) |
| 26:43 | Construir | Lumber Camp |
| 26:58 | Construir | House |
| 27:11 | Construir | House |
| 27:35 | Investigar | Double-Bit Axe |
| 27:41 | Construir | Farm |
| 28:00 | Construir | Stone Wall |
| 28:11 | Construir | Gate |
| 28:14 | Crear | Villager (Male) |
| 28:14 | Crear | Villager (Male) |
| 28:24 | Construir | Stone Wall |
| 28:40 | Crear | Villager (Male) |
| 29:32 | Construir | Lumber Camp |
| 29:34 | Construir | Mill |
| 29:55 | Investigar | Castle Age |
| 30:10 | Crear | Villager (Male) |
| 30:51 | Construir | Stone Wall |
| 30:56 | Construir | Stone Wall |
| 30:59 | Crear | Villager (Male) |
| 31:00 | Crear | Villager (Male) |
| 31:13 | Investigar | Scale Mail Armor |
| 31:53 | Crear | Villager (Male) |
| 32:04 | Crear | Villager (Male) |
| 32:04 | Crear | Villager (Male) |
| 32:31 | Crear | Villager (Male) |
| 32:31 | Crear | Villager (Male) |
| 32:35 | Edad | Edad de los Castillos |
| 32:51 | Construir | Town Center |
| 32:56 | Crear | Villager (Male) |
| 33:03 | Investigar | Eagle Warrior (upgrade) |
| 33:04 | Investigar | Squires |
| 33:29 | Construir | Stone Wall |
| 33:33 | Crear | Villager (Male) |
| 33:34 | Crear | Villager (Male) |
| 33:35 | Crear | Villager (Male) |
| 33:50 | Construir | Stone Wall |
| 34:15 | Crear | Villager (Male) |
| 34:28 | Crear | Villager (Male) |
| 35:11 | Construir | Castle |
| 35:35 | Crear | Eagle Scout |
| 35:35 | Crear | Eagle Scout |
| 35:40 | Construir | Farm |
| 35:41 | Construir | Farm |
| 35:43 | Construir | Farm |
| 35:44 | Construir | Farm |
| 36:05 | Investigar | Fletching |
| 36:41 | Construir | Farm |
| 37:04 | Crear | Villager (Male) |
Build order — THEY DONT CARE ABOUT US
Primeras 150 de 503 acciones detectadas
| 0:02 | Crear | Villager (Male) |
| 0:02 | Crear | Villager (Male) |
| 0:02 | Crear | Villager (Male) |
| 0:04 | Construir | House |
| 0:05 | Construir | House |
| 0:31 | Crear | Villager (Male) |
| 1:32 | Crear | Villager (Male) |
| 1:32 | Crear | Villager (Male) |
| 1:51 | Construir | Lumber Camp |
| 2:05 | Crear | Villager (Male) |
| 2:28 | Crear | Villager (Male) |
| 2:48 | Crear | Villager (Male) |
| 3:09 | Construir | House |
| 3:12 | Construir | House |
| 3:29 | Crear | Villager (Male) |
| 3:29 | Crear | Villager (Male) |
| 4:03 | Crear | Villager (Male) |
| 4:03 | Crear | Villager (Male) |
| 4:44 | Crear | Villager (Male) |
| 4:45 | Crear | Villager (Male) |
| 5:29 | Crear | Villager (Male) |
| 5:30 | Crear | Villager (Male) |
| 5:45 | Construir | Mill |
| 5:53 | Crear | Villager (Male) |
| 6:02 | Crear | Villager (Male) |
| 6:02 | Investigar | Loom |
| 7:21 | Investigar | Feudal Age |
| 7:50 | Construir | Barracks |
| 9:31 | Edad | Edad Feudal |
| 9:32 | Crear | Villager (Male) |
| 9:36 | Construir | Archery Range |
| 9:40 | Construir | Mining Camp |
| 9:42 | Investigar | Double-Bit Axe |
| 9:42 | Crear | Villager (Male) |
| 9:58 | Crear | Spearman |
| 10:06 | Construir | House |
| 10:09 | Crear | Archer |
| 10:09 | Crear | Archer |
| 10:11 | Crear | Villager (Male) |
| 10:39 | Crear | Villager (Male) |
| 10:40 | Crear | Archer |
| 10:56 | Crear | Archer |
| 10:56 | Crear | Archer |
| 10:57 | Crear | Villager (Male) |
| 11:01 | Construir | Mill |
| 11:08 | Crear | Archer |
| 11:22 | Crear | Villager (Male) |
| 11:36 | Crear | Villager (Male) |
| 11:48 | Crear | Spearman |
| 11:56 | Construir | House |
| 11:58 | Construir | House |
| 12:08 | Crear | Archer |
| 12:23 | Construir | Archery Range |
| 12:26 | Construir | House |
| 12:28 | Crear | Archer |
| 12:45 | Crear | Archer |
| 12:51 | Construir | House |
| 12:58 | Crear | Villager (Male) |
| 13:21 | Crear | Archer |
| 13:41 | Crear | Archer |
| 13:41 | Crear | Archer |
| 13:50 | Crear | Villager (Male) |
| 13:57 | Construir | Farm |
| 13:57 | Construir | Farm |
| 14:02 | Construir | Blacksmith |
| 14:04 | Crear | Villager (Male) |
| 14:17 | Crear | Archer |
| 14:17 | Crear | Archer |
| 14:19 | Construir | House |
| 14:26 | Crear | Archer |
| 14:33 | Crear | Archer |
| 14:35 | Investigar | Fletching |
| 14:57 | Crear | Archer |
| 14:57 | Crear | Villager (Male) |
| 14:57 | Crear | Villager (Male) |
| 15:00 | Construir | House |
| 15:18 | Crear | Archer |
| 15:33 | Crear | Archer |
| 15:33 | Crear | Archer |
| 15:35 | Construir | House |
| 15:53 | Crear | Archer |
| 15:53 | Crear | Villager (Male) |
| 16:26 | Crear | Archer |
| 16:26 | Crear | Archer |
| 16:29 | Construir | House |
| 16:33 | Construir | Farm |
| 16:35 | Construir | Farm |
| 16:36 | Construir | Farm |
| 16:36 | Construir | Farm |
| 16:40 | Construir | Farm |
| 16:54 | Crear | Archer |
| 17:01 | Construir | Farm |
| 17:01 | Construir | Farm |
| 17:11 | Construir | House |
| 17:15 | Construir | Palisade Wall |
| 17:18 | Construir | Palisade Gate |
| 17:37 | Investigar | Padded Archer Armor |
| 17:41 | Crear | Villager (Male) |
| 17:42 | Crear | Villager (Male) |
| 18:00 | Construir | Farm |
| 18:01 | Construir | Farm |
| 18:02 | Crear | Villager (Male) |
| 18:20 | Crear | Archer |
| 18:21 | Crear | Villager (Male) |
| 18:25 | Construir | Farm |
| 19:13 | Crear | Archer |
| 19:13 | Crear | Villager (Male) |
| 19:17 | Construir | House |
| 19:36 | Crear | Archer |
| 19:36 | Crear | Archer |
| 20:07 | Crear | Archer |
| 20:08 | Crear | Villager (Male) |
| 20:30 | Construir | Market |
| 20:33 | Crear | Villager (Male) |
| 20:45 | Crear | Archer |
| 20:46 | Crear | Archer |
| 20:50 | Construir | House |
| 20:51 | Construir | House |
| 21:11 | Investigar | Castle Age |
| 21:19 | Crear | Archer |
| 21:20 | Crear | Archer |
| 21:32 | Construir | Farm |
| 21:33 | Construir | Farm |
| 21:37 | Investigar | Gold Mining |
| 22:24 | Crear | Archer |
| 22:24 | Crear | Archer |
| 22:31 | Construir | House |
| 22:33 | Investigar | Horse Collar |
| 22:35 | Crear | Archer |
| 22:35 | Crear | Archer |
| 22:36 | Crear | Archer |
| 22:36 | Crear | Archer |
| 23:27 | Crear | Archer |
| 23:28 | Crear | Archer |
| 23:31 | Construir | House |
| 23:51 | Edad | Edad de los Castillos |
| 23:55 | Investigar | Crossbowman (upgrade) |
| 23:56 | Investigar | Bow Saw |
| 24:00 | Construir | Town Center |
| 24:02 | Investigar | Wheelbarrow |
| 24:27 | Crear | Archer |
| 24:30 | Investigar | Heavy Plow |
| 24:33 | Crear | Villager (Male) |
| 24:33 | Crear | Villager (Male) |
| 24:38 | Construir | University |
| 24:57 | Crear | Archer |
| 24:58 | Crear | Archer |
| 25:00 | Crear | Villager (Male) |
| 25:00 | Crear | Villager (Male) |
| 25:01 | Crear | Villager (Male) |
Build order — mark_aoe_2024
Primeras 150 de 348 acciones detectadas
| 0:01 | Crear | Villager (Male) |
| 0:02 | Crear | Villager (Male) |
| 0:02 | Crear | Villager (Male) |
| 0:04 | Construir | House |
| 0:05 | Construir | House |
| 0:56 | Crear | Villager (Male) |
| 0:56 | Crear | Villager (Male) |
| 1:38 | Crear | Villager (Male) |
| 2:05 | Crear | Villager (Male) |
| 2:05 | Crear | Villager (Male) |
| 2:31 | Crear | Villager (Male) |
| 2:31 | Crear | Villager (Male) |
| 2:32 | Crear | Villager (Male) |
| 2:52 | Construir | Lumber Camp |
| 3:17 | Crear | Villager (Male) |
| 3:17 | Crear | Villager (Male) |
| 3:55 | Construir | House |
| 4:10 | Crear | Villager (Male) |
| 4:10 | Crear | Villager (Male) |
| 4:52 | Crear | Villager (Male) |
| 5:19 | Construir | Mill |
| 5:35 | Crear | Villager (Male) |
| 5:35 | Crear | Villager (Male) |
| 6:14 | Crear | Villager (Male) |
| 6:43 | Investigar | Loom |
| 7:18 | Investigar | Feudal Age |
| 7:28 | Construir | Mill |
| 8:07 | Crear | Villager (Male) |
| 8:07 | Crear | Villager (Male) |
| 8:35 | Construir | House |
| 8:39 | Construir | Barracks |
| 9:07 | Construir | House |
| 9:15 | Crear | Villager (Male) |
| 9:28 | Edad | Edad Feudal |
| 9:56 | Investigar | Double-Bit Axe |
| 10:03 | Crear | Villager (Male) |
| 10:04 | Crear | Villager (Male) |
| 10:16 | Construir | Archery Range |
| 10:37 | Crear | Villager (Male) |
| 11:01 | Construir | Blacksmith |
| 11:14 | Construir | Mining Camp |
| 11:21 | Crear | Villager (Male) |
| 11:29 | Crear | Archer |
| 11:41 | Crear | Villager (Male) |
| 11:50 | Crear | Villager (Male) |
| 11:53 | Construir | Farm |
| 11:56 | Construir | Farm |
| 11:59 | Construir | Farm |
| 12:03 | Construir | Farm |
| 12:08 | Construir | Farm |
| 12:21 | Construir | House |
| 12:22 | Construir | House |
| 12:35 | Crear | Villager (Male) |
| 12:41 | Crear | Spearman |
| 12:50 | Construir | Farm |
| 12:56 | Construir | House |
| 12:58 | Construir | House |
| 13:14 | Crear | Spearman |
| 13:26 | Construir | House |
| 13:36 | Crear | Archer |
| 13:50 | Crear | Villager (Male) |
| 13:50 | Crear | Villager (Male) |
| 14:10 | Crear | Archer |
| 14:31 | Crear | Archer |
| 14:32 | Crear | Villager (Male) |
| 14:37 | Construir | Farm |
| 14:45 | Crear | Villager (Male) |
| 14:49 | Crear | Archer |
| 15:13 | Construir | Farm |
| 15:17 | Construir | Farm |
| 15:21 | Crear | Villager (Male) |
| 16:09 | Crear | Villager (Male) |
| 16:10 | Crear | Villager (Male) |
| 16:14 | Construir | Farm |
| 16:15 | Construir | Farm |
| 16:38 | Crear | Villager (Male) |
| 16:43 | Investigar | Fletching |
| 16:43 | Investigar | Padded Archer Armor |
| 17:04 | Crear | Villager (Male) |
| 17:05 | Crear | Archer |
| 17:05 | Crear | Archer |
| 17:34 | Crear | Villager (Male) |
| 17:37 | Construir | Farm |
| 17:37 | Construir | Farm |
| 17:38 | Construir | Farm |
| 17:38 | Construir | Farm |
| 18:00 | Construir | Farm |
| 18:04 | Investigar | Wheelbarrow |
| 18:26 | Construir | Farm |
| 19:08 | Investigar | Castle Age |
| 19:15 | Construir | Mining Camp |
| 19:24 | Crear | Archer |
| 19:24 | Crear | Archer |
| 19:38 | Investigar | Horse Collar |
| 22:03 | Crear | Villager (Male) |
| 22:03 | Crear | Villager (Male) |
| 22:09 | Edad | Edad de los Castillos |
| 22:17 | Construir | Archery Range |
| 22:27 | Construir | University |
| 22:31 | Investigar | Bow Saw |
| 22:34 | Investigar | Heavy Plow |
| 22:38 | Construir | Town Center |
| 22:44 | Construir | Farm |
| 22:49 | Crear | Villager (Male) |
| 22:49 | Crear | Villager (Male) |
| 23:04 | Investigar | Leather Archer Armor |
| 23:13 | Construir | House |
| 23:20 | Investigar | Hand Cart |
| 23:31 | Construir | Monastery |
| 23:35 | Crear | Villager (Male) |
| 23:35 | Crear | Villager (Male) |
| 24:01 | Construir | Town Center |
| 24:11 | Investigar | Chemistry |
| 24:16 | Crear | Villager (Male) |
| 24:22 | Crear | Villager (Male) ×5 |
| 24:25 | Crear | Monk |
| 24:25 | Crear | Monk |
| 24:28 | Investigar | Sanctity |
| 24:34 | Construir | Farm |
| 24:46 | Crear | Villager (Male) ×2 |
| 25:08 | Crear | Villager (Male) ×3 |
| 25:15 | Construir | Farm |
| 25:26 | Crear | Villager (Male) ×2 |
| 25:54 | Crear | Villager (Male) ×4 |
| 26:37 | Construir | Farm |
| 26:37 | Construir | Farm |
| 26:37 | Construir | Farm |
| 26:45 | Crear | Hand Cannoneer ×2 |
| 27:00 | Crear | Hand Cannoneer ×4 |
| 27:09 | Construir | Farm |
| 27:16 | Crear | Villager (Male) |
| 27:42 | Construir | Castle |
| 27:48 | Crear | Hand Cannoneer ×5 |
| 27:50 | Crear | Villager (Male) |
| 28:06 | Construir | Farm |
| 28:07 | Construir | Farm |
| 28:07 | Construir | Farm |
| 28:07 | Construir | Farm |
| 28:07 | Construir | Farm |
| 28:25 | Construir | Farm |
| 28:32 | Construir | House |
| 28:33 | Construir | House |
| 28:34 | Construir | House |
| 28:51 | Crear | Villager (Male) ×5 |
| 28:59 | Construir | Farm |
| 29:00 | Construir | Farm |
| 29:00 | Construir | Farm |
| 29:00 | Construir | Farm |
| 29:01 | Construir | Farm |
| 29:14 | Crear | Villager (Male) |
Cronología de la partida
| 0:07 | Unstoppable Warrior · first_building Barracks |
| 4:11 | Sid Ironside · wall_segment Palisade Wall x1 |
| 5:33 | Sid Ironside · wall_segment Palisade Wall x7 |
| 5:36 | Sid Ironside · wall_segment Palisade Wall x10 |
| 7:50 | THEY DONT CARE ABOUT US · first_building Barracks |
| 8:08 | Luigi · first_building Barracks |
| 8:39 | mark_aoe_2024 · first_building Barracks |
| 8:49 | Luigi · age_up feudal |
| 9:28 | mark_aoe_2024 · age_up feudal |
| 9:31 | THEY DONT CARE ABOUT US · age_up feudal |
| 9:32 | Luigi · first_building Stable |
| 9:33 | Sid Ironside · wall_segment Palisade Wall x8 |
| 9:35 | Sid Ironside · wall_segment Palisade Wall x5 |
| 9:36 | THEY DONT CARE ABOUT US · first_building Archery Range |
| 9:37 | Sid Ironside · wall_segment Palisade Wall x10 |
| 9:42 | Lone Wolf · first_building Barracks |
| 9:43 | Sarath · first_building Barracks |
| 9:47 | PaimPozhil · first_building Barracks |
| 9:55 | Sid Ironside · wall_segment Palisade Wall x5 |
| 9:56 | Sid Ironside · wall_segment Palisade Wall x16 |
| 10:04 | PaimPozhil · age_up feudal |
| 10:16 | mark_aoe_2024 · first_building Archery Range |
| 10:31 | Lone Wolf · age_up feudal |
| 10:37 | Lone Wolf · first_building Stable |
| 11:29 | Sarath · age_up feudal |
| 11:38 | Sarath · first_building Stable |
| 11:40 | Sid Ironside · first_building Barracks |
| 12:12 | Sid Ironside · age_up feudal |
| 12:40 | Unstoppable Warrior · age_up feudal |
| 12:51 | Unstoppable Warrior · first_building Archery Range |
| 13:00 | Lone Wolf · wall_segment Palisade Wall x12 |
| 13:02 | Lone Wolf · wall_segment Palisade Wall x1 |
| 13:55 | Lone Wolf · wall_segment Palisade Wall x7 |
| 14:40 | Lone Wolf · wall_segment Palisade Wall x7 |
| 15:26 | Lone Wolf · wall_segment Palisade Wall x8 |
| 15:30 | Lone Wolf · wall_segment Palisade Wall x5 |
| 15:42 | PaimPozhil · first_market_buy 100 food |
| 16:37 | PaimPozhil · first_market_sell 100 wood |
| 17:15 | THEY DONT CARE ABOUT US · wall_segment Palisade Wall x8 |
| 18:05 | Sid Ironside · wall_segment Palisade Wall x1 |
| 18:36 | Lone Wolf · first_market_sell 100 wood |
| 19:29 | PaimPozhil · age_up castle |
| 20:15 | Luigi · age_up castle |
| 20:33 | Sarath · age_up castle |
| 21:29 | Lone Wolf · age_up castle |
| 22:09 | mark_aoe_2024 · age_up castle |
| 22:33 | PaimPozhil · first_building Castle |
| 23:31 | mark_aoe_2024 · first_building Monastery |
| 23:51 | THEY DONT CARE ABOUT US · age_up castle |
| 27:04 | Sid Ironside · first_market_buy 100 food |
| 27:31 | Sarath · first_market_sell 100 food |
| 27:36 | Unstoppable Warrior · age_up castle |
| 27:42 | mark_aoe_2024 · first_building Castle |
| 28:00 | Sid Ironside · wall_segment Stone Wall x4 |
| 28:24 | Sid Ironside · wall_segment Stone Wall x7 |
| 30:51 | Sid Ironside · wall_segment Stone Wall x8 |
| 30:56 | Sid Ironside · wall_segment Stone Wall x9 |
| 31:40 | Unstoppable Warrior · first_market_buy 100 stone |
| 32:35 | Sid Ironside · age_up castle |
| 32:40 | Luigi · first_building Monastery |
| 33:29 | Sid Ironside · wall_segment Stone Wall x2 |
| 33:30 | THEY DONT CARE ABOUT US · first_building Monastery |
| 33:50 | Sid Ironside · wall_segment Stone Wall x3 |
| 34:33 | THEY DONT CARE ABOUT US · first_market_sell 100 food |
| 34:35 | mark_aoe_2024 · age_up imperial |
| 35:08 | Lone Wolf · first_building Castle |
| 35:11 | Sid Ironside · first_building Castle |
| 35:11 | Sarath · first_market_buy 100 stone |
| 35:18 | Luigi · first_building Castle |
| 36:02 | Sarath · tribute_sent a jugador 1 |
| 36:02 | Sarath · tribute_sent a jugador 2 |
| 36:02 | Sarath · tribute_sent a jugador 4 |
| 36:02 | Sarath · tribute_sent a jugador 5 |
| 36:02 | Sarath · tribute_sent a jugador 6 |
| 36:02 | Sarath · tribute_sent a jugador 7 |
| 36:02 | Sarath · tribute_sent a jugador 8 |
| 36:19 | Sarath · first_building Castle |
| 36:30 | Luigi · age_up imperial |
| 36:59 | mark_aoe_2024 · first_building Siege Workshop |
| 37:50 | THEY DONT CARE ABOUT US · age_up imperial |
| 38:12 | THEY DONT CARE ABOUT US · first_building Castle |
| 39:13 | PaimPozhil · first_building Stable |
| 39:19 | PaimPozhil · first_building Siege Workshop |
| 41:00 | Lone Wolf · first_building Archery Range |
| 41:05 | Lone Wolf · first_market_buy 100 wood |
| 41:29 | Lone Wolf · age_up imperial |
| 41:54 | Sid Ironside · wall_segment Stone Wall x8 |
| 42:05 | Sid Ironside · wall_segment Stone Wall x7 |
| 42:21 | Sid Ironside · wall_segment Stone Wall x6 |
| 42:48 | Sid Ironside · wall_segment Stone Wall x10 |
| 42:52 | Luigi · tribute_sent a jugador 2 |
| 42:52 | Luigi · tribute_sent a jugador 3 |
| 42:52 | Luigi · tribute_sent a jugador 4 |
| 42:52 | Luigi · tribute_sent a jugador 5 |
| 42:52 | Luigi · tribute_sent a jugador 6 |
| 42:52 | Luigi · tribute_sent a jugador 7 |
| 42:52 | Luigi · tribute_sent a jugador 8 |
| 43:11 | Sid Ironside · wall_segment Stone Wall x8 |
| 43:18 | PaimPozhil · age_up imperial |
| 43:35 | Sid Ironside · wall_segment Stone Wall x2 |
| 44:11 | Sarath · age_up imperial |
| 48:19 | Luigi · tribute_sent a jugador 2 |
| 48:19 | Luigi · tribute_sent a jugador 3 |
| 48:19 | Luigi · tribute_sent a jugador 4 |
| 48:19 | Luigi · tribute_sent a jugador 5 |
| 48:19 | Luigi · tribute_sent a jugador 6 |
| 48:19 | Luigi · tribute_sent a jugador 7 |
| 48:19 | Luigi · tribute_sent a jugador 8 |
| 49:04 | Luigi · first_market_sell 500 food |
| 54:55 | Sid Ironside · first_building Archery Range |
| 56:01 | Sid Ironside · wall_segment Stone Wall x8 |
| 56:08 | THEY DONT CARE ABOUT US · first_building Stable |
| 56:10 | Sid Ironside · wall_segment Stone Wall x10 |
| 56:11 | Sid Ironside · wall_segment Stone Wall x7 |
| 56:55 | Sid Ironside · age_up imperial |
| 57:12 | Sid Ironside · first_market_sell 500 wood |
| 57:38 | Luigi · tribute_sent a jugador 2 |
| 57:38 | Luigi · tribute_sent a jugador 3 |
| 57:38 | Luigi · tribute_sent a jugador 4 |
| 57:38 | Luigi · tribute_sent a jugador 5 |
| 57:38 | Luigi · tribute_sent a jugador 6 |
| 57:38 | Luigi · tribute_sent a jugador 7 |
| 57:38 | Luigi · tribute_sent a jugador 8 |
| 59:04 | Luigi · tribute_sent a jugador 2 |
| 59:04 | Luigi · tribute_sent a jugador 3 |
| 59:04 | Luigi · tribute_sent a jugador 4 |
| 59:04 | Luigi · tribute_sent a jugador 5 |
| 59:04 | Luigi · tribute_sent a jugador 6 |
| 59:04 | Luigi · tribute_sent a jugador 7 |
| 59:04 | Luigi · tribute_sent a jugador 8 |
| 61:34 | Lone Wolf · resign |
[ ANÁLISIS IA · 1 CRÉDITO ]
¿Qué pasó realmente en esta partida?
Wolo.gg analiza cada decisión: build order, eco, micro, errores típicos por bracket. Análisis personalizado por WhatsApp o Discord en 30 segundos.
Guía civ
Lituanos
Guía mapa
Arabia
Perfil
Jugador #4331749